 Dungeon Crawl Stone Soup version 0.28-a0-1616-g050a50673c (webtiles) character file.

Game seed: 2319194909696575995

426 Gargoyl the Skirmisher (level 6, -9/53 HPs)
             Began as a Gnoll Abyssal Knight on Jan 22, 2022.
             Was a Believer of Lugonu.
             Mangled by Menkaure (22 damage)
             ... on level 4 of the Dungeon.
             The game lasted 00:04:56 (4100 turns).

Gargoyl the Skirmisher (Gnoll Abyssal Knight)       Turns: 4100, Time: 00:04:56

Health: -9/53      AC:  7    Str: 15    XL:     6   Next: 97%
Magic:  9/9        EV: 13    Int:  9    God:    Lugonu [**....]
Gold:   262        SH:  0    Dex: 17    Spells: 9/9 levels left

rFire   . . .      SeeInvis .   f - +1 whip (drain)
rCold   . . .      Faith    .   (no shield)
rNeg    . . .      Spirit   .   b - +1 leather armour
rPois   +          Reflect  .   (no helmet)
rElec   .          Harm     .   (no cloak)
rCorr   .          Rampage  .   k - +0 pair of gloves
Will    .....                   c - +0 pair of boots "Syroga" {rPois Dex+5}
Stlth   ++........              (no amulet)
HPRegen 0.17/turn               (no ring)
MPRegen 0.11/turn               (no ring)

@: no status effects
A: fangs 1, strong nose, distributed training
a: Renounce Religion, Depart the Abyss, Bend Space


You were on level 4 of the Dungeon.
You worshipped Lugonu.
Lugonu was pleased with you.
You visited 1 branch of the dungeon, and saw 5 of its levels.
You visited the Abyss 1 time.

You collected 262 gold pieces.

Inventory:

Hand Weapons
 a - a +1 hand axe
 f - a +1 whip of draining (weapon)
Armour
 b - a +1 leather armour (worn)
 c - the +0 pair of boots "Syroga" (worn) {rPois Dex+5}
   (You acquired it on level 1 of the Dungeon)

   Dex:       It affects your dexterity (+5).
   rPois:     It protects you from poison.
 k - a +0 pair of gloves (worn)
Jewellery
 m - a ring of ice
Wands
 h - a wand of acid (8)
Scrolls
 g - a scroll of teleportation
 p - a scroll of magic mapping
Potions
 e - a potion of magic
 i - 2 potions of heal wounds {unknown}
 j - a potion of might {unknown}
 l - a potion of haste {unknown}
 n - a potion of mutation {unknown}
 o - 2 potions of cancellation {unknown}


   Skills:
 + Level 6.9 Fighting
 + Level 2.2 Short Blades
 + Level 2.2 Long Blades
 + Level 5.1 Axes
 + Level 2.2 Maces & Flails
 + Level 2.2 Polearms
 + Level 2.2 Staves
 + Level 2.2 Slings
 + Level 2.2 Bows
 + Level 2.2 Crossbows
 + Level 2.2 Throwing
 + Level 5.1 Armour
 + Level 3.4 Dodging
 + Level 2.2 Stealth
 + Level 2.2 Shields
 + Level 2.2 Unarmed Combat
 + Level 2.2 Spellcasting
 + Level 1.7 Conjurations
 + Level 1.7 Hexes
 + Level 1.7 Summonings
 + Level 1.7 Necromancy
 + Level 1.7 Translocations
 + Level 1.7 Transmutations
 + Level 1.7 Fire Magic
 + Level 1.7 Ice Magic
 + Level 1.7 Air Magic
 + Level 1.7 Earth Magic
 + Level 1.7 Poison Magic
 + Level 5.2 Invocations
 + Level 2.2 Evocations


You had 9 spell levels left.
You didn't know any spells.
Your spell library contained the following spells:

 Spells                   Type           Power      Damage    Failure   Level
 Sandblast                Erth           8%         2d5       19%         1


Dungeon Overview and Level Annotations

Branches:
Dungeon (5/15)
 Temple: D:4-7

Altars:
Dithmenos
Elyvilon
Hepliaklqana
Nemelex Xobeh
Okawaru
Trog

Annotations:
D:4 3 runed translucent doors, Menkaure; biggnoob's ghost, novice MfWn


Innate Abilities, Weirdness & Mutations

You have very sharp teeth.
Your uncanny sense of smell can sniff out nearby items.
Your experience applies equally to all skills.


Message History

Menkaure hits you!!
You climb upwards.
Level annotation: 3 runed translucent doors, biggnoob's ghost, novice MfWn
There is a stone staircase leading down here.
You feel better.
Menkaure points at you and mumbles some strange words.
You barely resist. You hit Menkaure.
Menkaure is lightly damaged.
Menkaure gestures wildly while chanting.
Menkaure seems to speed up.
You barely miss Menkaure.
Menkaure is lightly damaged.
Menkaure rustles in an indecipherable tongue.
Menkaure hits you!
You barely miss Menkaure. Your bite misses Menkaure.
Menkaure is lightly damaged.
Menkaure closely misses you.
You barely miss Menkaure. You bite Menkaure, but do no damage.
Menkaure is lightly damaged.
Menkaure barely misses you.
You hit Menkaure but do no damage. Your bite misses Menkaure.
Menkaure is lightly damaged.
Menkaure points at you and mumbles some strange words.
Pain shoots through your body!
You feel better. Menkaure hits you!! Menkaure hits you but does no damage.
You hit Menkaure. You bite Menkaure.
Menkaure is heavily damaged.
Menkaure hits you.
You hit Menkaure.
Menkaure is heavily damaged.
Menkaure barely misses you.
You barely miss Menkaure.
Menkaure is heavily damaged.
Menkaure hits you.
* * * LOW HITPOINT WARNING * * *
You barely miss Menkaure.
Menkaure is heavily damaged.
Menkaure hits you!!
You die...

#...########.###.>...............
#...###.####....####......###.###
#.8.##☼§§###.....................
#...#.§...###.####....#..........
#...##...##*#.####.#..#.####.....
#...###.###*#.##...#....#..##...#
#...#######*#.##.....#..#...##.##
.._.......8##..<........##...#.#.
#...########...M@....#...##.)#.#)
#...##...###...#####.#....###...#
#...#..§..##.#...# #.#........8..
#...#..○§.######.# #.#....###...#
#.8.#...°.#* #.# #.#...##.)#.#)
#...##...##* #.###.#..##...#.#.
#...#######* #..##.#..#...##.##
#'''#######* ##.##.#..#..##...#
#..(...#..#######.##.#..####.....


You could see Menkaure (fast).

Vanquished Creatures
  A bullfrog (D:4)
  A water moccasin skeleton (D:4)
  2 jellies (D:4)
  An iguana (D:4)
  2 hound skeletons (D:4)
  8 gnolls
  2 adders (D:2)
  2 ufetubi (D:4)
  5 dart slugs
  5 orcs
  6 ball pythons
  5 endoplasms
  3 giant cockroaches
  7 goblins
  14 hobgoblins
  2 quokkas (D:1)
  8 bats
  3 frilled lizards
  7 kobolds
  8 rats
92 creatures vanquished.

Notes
Turn   | Place    | Note
-------+----------+-------------------------------------------
     0 | Abyss:1  | Gargoyl the Gnoll Abyssal Knight began the quest for the
                  | Orb.
     0 | Abyss:1  | Reached XP level 1. HP: 23/23 MP: 3/3
    54 | Abyss:1  | Noticed a smoke demon
    55 | D:1      | Escaped the Abyss
   170 | D:1      | Reached * piety under Lugonu
   181 | D:1      | Reached XP level 2. HP: 23/29 MP: 5/5
   187 | D:1      | Identified a scroll of acquirement
   187 | D:1      | Acquired the +0 pair of boots "Syroga" {rPois Dex+5}
   375 | D:1      | Reached XP level 3. HP: 26/35 MP: 6/6
  1192 | D:2      | Found a faded altar of an unknown god.
  1202 | D:2      | Got Plato's Catalogue of the Mountains
  1365 | D:2      | Reached skill level 1 in Short Blades
  1365 | D:2      | Reached skill level 1 in Long Blades
  1365 | D:2      | Reached skill level 1 in Maces & Flails
  1365 | D:2      | Reached skill level 1 in Polearms
  1365 | D:2      | Reached skill level 1 in Staves
  1365 | D:2      | Reached skill level 1 in Slings
  1365 | D:2      | Reached skill level 1 in Bows
  1365 | D:2      | Reached skill level 1 in Crossbows
  1365 | D:2      | Reached skill level 1 in Throwing
  1365 | D:2      | Reached skill level 1 in Stealth
  1365 | D:2      | Reached skill level 1 in Shields
  1365 | D:2      | Reached skill level 1 in Unarmed Combat
  1365 | D:2      | Reached skill level 1 in Spellcasting
  1365 | D:2      | Reached skill level 1 in Evocations
  1365 | D:2      | Reached XP level 4. HP: 17/41 MP: 7/7
  1971 | D:2      | Reached ** piety under Lugonu
  1972 | D:2      | Reached skill level 1 in Conjurations
  1972 | D:2      | Reached skill level 1 in Hexes
  1972 | D:2      | Reached skill level 1 in Summonings
  1972 | D:2      | Reached skill level 1 in Necromancy
  1972 | D:2      | Reached skill level 1 in Translocations
  1972 | D:2      | Reached skill level 1 in Transmutations
  1972 | D:2      | Reached skill level 1 in Fire Magic
  1972 | D:2      | Reached skill level 1 in Ice Magic
  1972 | D:2      | Reached skill level 1 in Air Magic
  1972 | D:2      | Reached skill level 1 in Earth Magic
  1972 | D:2      | Reached skill level 1 in Poison Magic
  2410 | D:2      | Reached XP level 5. HP: 41/47 MP: 8/8
  2796 | D:3      | Found a hazy altar of Hepliaklqana.
  3233 | D:4      | Found a runed translucent gate.
  3400 | D:4      | Reached skill level 5 in Invocations
  3455 | D:4      | Found a bloodstained altar of Trog.
  3507 | D:4      | Found a runed translucent gate.
  3516 | D:4      | Reached XP level 6. HP: 52/53 MP: 9/9
  3577 | D:4      | Reached skill level 5 in Axes
  3577 | D:4      | Reached skill level 5 in Armour
  3583 | D:4      | Found an iron altar of Okawaru.
  3627 | D:4      | Found a runed translucent gate.
  3628 | D:4      | Noticed biggnoob's ghost (novice MfWn)
  3983 | D:4      | Found a sparkling altar of Nemelex Xobeh.
  4022 | D:4      | Found a white marble altar of Elyvilon.
  4022 | D:4      | Found a shadowy altar of Dithmenos.
  4086 | D:5      | Entered Level 5 of the Dungeon
  4086 | D:5      | Noticed Menkaure
  4100 | D:4      | Mangled by Menkaure

Illustrated notes

Levels and vault maps discovered:
D:1:      dpeg_arrival_signposts, layout_basic
D:2:      layout_basic, shapermc_ecumenical_altar_rom_forum, minmay_unequal
D:3:      layout_rooms, mainiacjoe_overflow_chevrons
D:4:      cheibrodos_barr_body, layout_rooms, trog_book,
          okawaru_altar_gauntlet_db, nemelex_altar_shiori,
          amethyst_overflow_temple_binary, ebering_ghost_rock_garden,
          interstate_on_off, corner_web_ring
D:5:      nicolae_cairo_tiling_large_dashed, layout_basic,
          nicolae_ru_sacrificial_ziggurat, nicolae_ossuary_entry_monument,
          lemuel_flamethrower_2, uniq_pikel, uniq_blork_the_orc, uniq_menkaure,
          uniq_edmund

Skill      XL: |  1  2  3  4  5  6 |
---------------+-------------------+-----
Short Blades   | 1 2 |  2.2
Long Blades    | 1 2 |  2.2
Maces & Flails | 1 2 |  2.2
Polearms       | 1 2 |  2.2
Staves         | 1 2 |  2.2
Slings         | 1 2 |  2.2
Bows           | 1 2 |  2.2
Crossbows      | 1 2 |  2.2
Throwing       | 1 2 |  2.2
Stealth        | 1 2 |  2.2
Shields        | 1 2 |  2.2
Unarmed Combat | 1 2 |  2.2
Spellcasting   | 1 2 |  2.2
Evocations     | 1 2 |  2.2
Conjurations   | 1 |  1.7
Hexes          | 1 |  1.7
Summonings     | 1 |  1.7
Necromancy     | 1 |  1.7
Translocations | 1 |  1.7
Transmutations | 1 |  1.7
Fire Magic     | 1 |  1.7
Ice Magic      | 1 |  1.7
Air Magic      | 1 |  1.7
Earth Magic    | 1 |  1.7
Poison Magic   | 1 |  1.7
Dodging        | 3 |  3.4
Invocations    | 5 |  5.2
Axes           | 5 |  5.1
Armour         | 5 |  5.1
Fighting       | |  6.9

Action                   |  1- 3 |  4- 6 || total
-------------------------+-------+-------++-------
Melee: Hand axe          |    79 |       ||    79
       Bite              |     8 |    27 ||    35
       Whip              |    11 |   219 ||   230
       Punch             |       |     3 ||     3
Invok: Depart the Abyss  |     1 |       ||     1
  Use: Scroll            |     3 |     7 ||    10
       Potion            |       |     2 ||     2
 Stab: Sleeping          |     3 |     3 ||     6
       Distracted        |       |     1 ||     1
Armor: Leather armour    |    43 |    87 ||   130
Dodge: Dodged            |    83 |   211 ||   294

Table legend: (Time is in decaauts)
 A = Elapsed time spent in this place.
 B = Non-inter-level travel time spent in this place.
 C = Inter-level travel time spent in this place.
 D = Time resting spent in this place.
 E = Time spent auto-exploring this place.
 F = Levels seen in this place.
 G = Mean time per level.
                   A        B        C        D        E       F      G
               +--------+--------+--------+--------+--------+-----+--------+
         Total |   4118 |   4042 |     76 |    569 |   2573 |   6 |  686.3 |
       Dungeon |   4063 |   3987 |     76 |    569 |   2519 |   5 |  812.6 |
         Abyss |     55 |     55 |      0 |      0 |     54 |   1 |   55.0 |
               +--------+--------+--------+--------+--------+-----+--------+

Top non-repeatable levels by time:
     D:2: 1305 daAuts
     D:4: 1085 daAuts
     D:1: 1072 daAuts
     D:3: 597 daAuts
 Abyss:1: 55 daAuts
     D:5: 2 daAuts
